 Dungeon Crawl Stone Soup version 0.25-a0-424-g80bd347ae0 (webtiles) character file.

Game seed: 3347401766274226608, levelgen mode: deterministic

1771 Esekla the Magician (level 9, -10/61 HPs)
             Began as a Human Air Elementalist on Jan 22, 2020.
             Was an Initiate of Qazlal.
             Mangled by a yak (14 damage)
             ... on level 6 of the Dungeon.
             The game lasted 00:39:55 (6223 turns).

Esekla the Magician (Human Air Elementalist)        Turns: 6223, Time: 00:39:55

Health: -10/61     AC:  3    Str: 11    XL:     9   Next: 28%
Magic:  8/17       EV: 15    Int: 17    God:    Qazlal [......]
Gold:   435        SH:  0    Dex: 16    Spells: 4/19 levels left

rFire    . . .     SeeInvis .   o - +3 short sword
rCold    . . .     Gourm    .   (no shield)
rNeg     . . .     Faith    .   a - +0 robe
rPois    .         Spirit   .   A - +0 helmet
rElec    .         Reflect  .   (no cloak)
rCorr    .         Harm     .   (no gloves)
MR       .....                  (no boots)
Stlth    ++........             m - amulet of magic regeneration
HPRegen  0.00/turn              x - ring of wizardry
MPRegen  0.40/turn              I - +3 ring of strength

@: no status effects
A: talons 1, inhibited regeneration, wild magic 1
a: Renounce Religion


You were on level 6 of the Dungeon.
You worshipped Qazlal.
Qazlal was noncommittal.
You were not hungry.

You visited 2 branches of the dungeon, and saw 10 of its levels.

You collected 435 gold pieces.

Inventory:

Hand Weapons
 o - a +3 short sword (weapon)
Missiles
 t - 7 boomerangs
 v - 21 poisoned darts (quivered)
 y - 3 atropa-tipped darts
 z - 3 boomerangs of dispersal
Armour
 a - a +0 robe (worn)
 A - a +0 helmet (worn)
 C - a cursed +0 pair of boots
Jewellery
 m - an amulet of magic regeneration (around neck)
 r - an uncursed ring of flight
 x - a ring of wizardry (left hand)
 I - a +3 ring of strength (right hand)
Wands
 J - a wand of iceblast (10)
Scrolls
 d - 6 scrolls of remove curse {unknown}
 e - 2 scrolls of magic mapping {unknown}
 i - 3 scrolls of fear {unknown}
 j - 2 scrolls of enchant weapon {unknown}
 l - 3 scrolls of enchant armour {unknown}
 q - 2 scrolls of identify
 s - 2 scrolls of teleportation {unknown}
 u - a scroll of fog {unknown}
 w - a scroll of immolation {unknown}
 B - a scroll of blinking {unknown}
 D - a scroll of noise {unknown}
 G - a scroll of amnesia {unknown}
Potions
 b - 3 potions of flight
 f - 2 potions of ambrosia
 g - 6 potions of curing
 h - a potion of invisibility
 k - a potion of mutation
 n - 2 potions of agility
 p - a potion of lignification
 E - a potion of haste {unknown}
 F - a potion of cancellation {unknown}
 H - a potion of might {unknown}
Comestibles
 c - 14 rations


   Skills:
 + Level 2.2 Fighting
 + Level 2.9 Short Blades
 + Level 0.2 Throwing
 * Level 5.2 Dodging
 - Level 2.0 Stealth
 * Level 5.8 Spellcasting
 * Level 5.4 Conjurations
 + Level 5.3 Air Magic


You had 4 spell levels left.
You knew the following spells:

 Your Spells              Type           Power        Failure   Level  Hunger
a - Shock                 Conj/Air       ####         1%          1    None
b - Swiftness             Chrm/Air       ###.....     4%          2    None
c - Static Discharge      Conj/Air       ####....     2%          3    ##.....
d - Airstrike             Air            ####......   9%          4    ####...
e - Lightning Bolt        Conj/Air       ####......   21%         5    #####..

Your spell library contained the following spells:

 Spells                   Type           Power        Failure   Level  Hunger


Dungeon Overview and Level Annotations

Branches:
Dungeon (9/15)             Temple (1/1) D:6
   Lair: D:8-11         Orc: D:9-12

Altars:
Ashenzari
Cheibriados
Dithmenos
Fedhas
Gozag
Hepliaklqana
Kikubaaqudgha
Nemelex Xobeh
Okawaru
Qazlal
Ru
Sif Muna
Trog
Uskayaw
Wu Jian
Xom
Yredelemnul
The Shining One


Innate Abilities, Weirdness & Mutations

You have sharp toenails.
You do not regenerate when monsters are visible.
Your spells are a little harder to cast, but a little more powerful.


Message History

You kill the bullfrog!
Qazlal accepts your kill.
The zap hits the yak.
The yak is moderately wounded.
The zap hits the yak!
The yak is heavily wounded.
Casting: Shock (safe; 1% risk of failure)
Confirm with . or Enter, or press ? or * to list all spells.
Aiming: Shock (safe; 1% risk of failure)
Press: ? - help, Shift-Dir - straight line The zap misses the yak. x2; The yak gores you!
* * * LOW HITPOINT WARNING * * *
Casting: Shock (safe; 1% risk of failure)
Confirm with . or Enter, or press ? or * to list all spells.
Aiming: Shock (safe; 1% risk of failure)
Press: ? - help, Shift-Dir - straight line The zap hits the yak but does no damage.
The yak is heavily wounded.
The zap misses the yak.
The yak gores you!
You die...

#.......# ....
####.#### ....
#.# .. #.# . #.#
#.# #.# #.# #@#
#Y# ##.##.#..
#######(........
#......[####[###
YY...Y#.(# ##.##
#..# #..# #...


You could see a yak.

Vanquished Creatures
  Grinder (D:4)
  2 yaks (D:6)
  Menkaure (D:4)
  An ogre (D:4)
  2 centaurs (D:7)
  3 bullfrogs
  A scorpion (D:6)
  A howler monkey (D:6)
  7 hounds
  A quasit (D:3)
  A centaur zombie (D:5)
  2 iguanas
  4 gnolls (D:2)
  A howler monkey skeleton (D:3)
  14 adders
  2 shadow imps
  An adder skeleton (D:4)
  6 worms
  4 dart slugs
  A leopard gecko (D:4)
  6 orcs
  2 giant cockroaches
  8 goblins
  9 hobgoblins
  10 jackals
  2 quokkas
  9 bats
  6 frilled lizards
  A jackal skeleton (D:5)
  4 kobolds
  A quokka skeleton (D:7)
  3 rats (D:2)
117 creatures vanquished.

Notes
Turn   | Place    | Note
-------+----------+-------------------------------------------
     0 | D:1      | Esekla the Human Air Elementalist began the quest for the
                  | Orb.
     0 | D:1      | Reached XP level 1. HP: 13/13 MP: 3/3
   351 | D:1      | Reached XP level 2. HP: 19/19 MP: 0/5
   655 | D:2      | Reached skill level 1 in Short Blades
   655 | D:2      | Reached XP level 3. HP: 19/24 MP: 2/6
   738 | D:1      | Reached XP level 4. HP: 21/30 MP: 7/7
  1223 | D:2      | Learned a level 2 spell: Swiftness
  1227 | D:2      | Learned a level 3 spell: Static Discharge
  1293 | D:3      | Found a blossoming altar of Fedhas.
  1299 | D:3      | Found a sparkling altar of Nemelex Xobeh.
  1306 | D:3      | Found an iron altar of Okawaru.
  1308 | D:3      | Found a shimmering altar of Xom.
  1355 | D:3      | Reached XP level 5. HP: 26/36 MP: 1/8
  1577 | D:3      | Reached skill level 1 in Fighting
  1733 | D:3      | Found a glowing golden altar of the Shining One.
  1733 | D:3      | Found a bloodstained altar of Trog.
  2319 | D:3      | Reached XP level 6. HP: 40/43 MP: 7/10
  3604 | D:4      | Noticed an ogre
  3731 | D:5      | Entered Level 5 of the Dungeon
  3870 | D:5      | Noticed an ice beast
  3904 | D:4      | Killed an ogre
  3904 | D:4      | Reached XP level 7. HP: 48/48 MP: 7/12
  3936 | D:4      | Noticed Grinder
  3980 | D:4      | Paralysed by Grinder for 3 turns
  3987 | D:4      | Killed Grinder
  4046 | D:4      | Noticed Menkaure
  4062 | D:4      | HP: 1/49 [Menkaure (17)]
  4063 | D:4      | Killed Menkaure
  4063 | D:4      | Reached XP level 8. HP: 1/55 MP: 9/14
  4075 | D:4      | Learned a level 4 spell: Airstrike
  4081 | D:4      | Learned a level 5 spell: Lightning Bolt
  5120 | D:6      | Found a staircase to the Ecumenical Temple.
  5155 | Temple   | Entered the Ecumenical Temple
  5164 | Temple   | Became a worshipper of Qazlal Stormbringer
  5210 | D:6      | You fall into a shaft and drop 2 floors!
  5305 | D:9      | Noticed a two-headed ogre
  5349 | D:8      | Reached skill level 5 in Air Magic
  5385 | D:8      | Gained mutation: You do not regenerate when monsters are
                  | visible. [potion of mutation]
  5385 | D:8      | Gained mutation: You have sharp toenails. [potion of
                  | mutation]
  5385 | D:8      | Gained mutation: Your spells are a little harder to cast,
                  | but a little more powerful. [potion of mutation]
  5609 | D:7      | Found a shadowy altar of Dithmenos.
  5621 | D:7      | Reached skill level 5 in Spellcasting
  6200 | D:6      | Reached XP level 9. HP: 59/61 MP: 13/16
  6213 | D:6      | Reached skill level 5 in Dodging
  6213 | D:6      | Reached skill level 5 in Conjurations
  6223 | D:6      | Mangled by a yak

Levels and vault maps discovered:
D:1:      ncdulo_watergridlock, layout_basic
D:2:      minmay_thinvault, layout_loops_ring, corexii_corridor_pit,
          dk_noncrumbling_3
D:3:      layout_loops_corners, chequers_temple_overflow_statue_of_worship,
          minitemple
D:4:      layout_basic, uniq_menkaure, uniq_grinder
D:5:      layout_basic, first_ration
D:6:      layout_loops_cross, old_standard_altar,
          minmay_temple_entry_purple_smoke
D:7:      layout_gridville, lemuel_round_altar
D:8:      layout_layer_cave, elyvilon_altar_3, david_nohive_1
D:9:      layout_roguey, lair_entry_dummy, orc_0_dummy, basic_altar,
          hangedman_corner_corridor, uniq_harold, uniq_pikel
Temple:   cyrus_circular_temple

Skill      XL: |  1  2  3  4  5  6  7  8  9 |
---------------+----------------------------+-----
Short Blades   | 1 2 |  2.9
Conjurations   | 2 3 4 5 |  5.4
Fighting       | 1 2 |  2.2
Spellcasting   | 3 4 5 |  5.8
Air Magic      | 4 5 |  5.3
Dodging        | 3 4 5 |  5.2
Throwing       | |  0.2
Stealth        | |  2.0

Action                   |  1- 3 |  4- 6 |  7- 9 || total
-------------------------+-------+-------+-------++-------
Melee: Unarmed           |     2 |       |       ||     2
       Short sword       |    13 |    92 |    35 ||   140
       Kick              |       |       |     7 ||     7
Throw: Boomerang         |       |     1 |       ||     1
       Dart              |       |       |     3 ||     3
 Cast: Shock             |    23 |    89 |    95 ||   207
       Swiftness         |       |     1 |       ||     1
  Use: Scroll            |       |     7 |     1 ||     8
       Potion            |       |       |     1 ||     1
 Stab: Sleeping          |     1 |     9 |       ||    10
  Eat: Chunk             |       |     8 |     9 ||    17
Armor: Robe              |    15 |    21 |    17 ||    53
Dodge: Dodged            |    32 |   112 |    76 ||   220

Table legend:
 A = Non-vault XP
 B = Vault XP
 C = Vault XP percentage of total XP
 D = Non-vault monster count
 E = Vault monster count
 F = Vault count percentage of total count
                 A         B        C        D         E       F
            +---------+---------+-------+---------+---------+-------
      Total |    2022 |     509 |  20.1 |     104 |      13 |  11.1
            +---------+---------+-------+---------+---------+-------
        D:1 |      17 |       0 |   0.0 |       8 |       0 |   0.0
        D:2 |     130 |      44 |  25.3 |      25 |      11 |  30.6
        D:3 |     242 |       0 |   0.0 |      31 |       0 |   0.0
        D:4 |     284 |     465 |  62.1 |      11 |       2 |  15.4
        D:5 |      84 |       0 |   0.0 |       4 |       0 |   0.0
        D:6 |     870 |       0 |   0.0 |      16 |       0 |   0.0
        D:7 |     381 |       0 |   0.0 |       7 |       0 |   0.0
        D:8 |      14 |       0 |   0.0 |       2 |       0 |   0.0
            +---------+---------+-------+---------+---------+-------
